 Dungeon Crawl Stone Soup version 0.24-a0-279-ga7546fe (webtiles) character file.

Game seed: 10686087458984084375

974 TheOvate the Chiller (level 8, -5/52 HPs)
             Began as a Merfolk Ice Elementalist on Apr 30, 2019.
             Was an Initiate of Vehumet.
             Slain by a wight
             ... wielding a +3 halberd
              (9 damage)
             ... on level 6 of the Dungeon on May 1, 2019.
             The game lasted 00:27:03 (6576 turns).

TheOvate the Chiller (Merfolk Ice Elementalist)     Turns: 6576, Time: 00:27:04

Health: -5/52      AC:  8    Str: 10    XL:     8   Next: 16%
Magic:  16/16      EV: 10    Int: 17    God:    Vehumet [......]
Gold:   194        SH:  0    Dex: 14    Spells: 11/17 levels left

rFire    . . .     SeeInvis .   b - staff of death (curse)
rCold    . . .     Gourm    .   (no shield)
rNeg     + . .     Faith    +   o - +0 ring mail of Sif Muna's Hope {rC- Regen+ Int+2}
rPois    .         Spirit   .   (no helmet)
rElec    .         Reflect  .   (no cloak)
rCorr    .         Harm     .   p - +1 pair of gloves
MR       +....                  q - +0 pair of boots
Stlth    +.........             m - amulet of faith
HPRegen  0.57/turn              e - ring of protection from cold
MPRegen  0.15/turn              n - ring of protection from magic

@: heavily drained
A: change form in water, swift swim, stealthy swim
a: Renounce Religion


You were on level 6 of the Dungeon.
You worshipped Vehumet.
Vehumet was noncommittal.
You were hungry.

You visited 1 branch of the dungeon, and saw 6 of its levels.

You collected 194 gold pieces.

Inventory:

Hand Weapons
 l - a +1 spear
Missiles
 i - 26 poisoned needles
Armour
 a - a +0 robe
 o - the +0 ring mail of Sif Muna's Hope (worn) {rC- Regen+ Int+2}
   (You found it on level 4 of the Dungeon)

   It affects your intelligence (+2).
   It makes you vulnerable to cold.
   It increases your rate of regeneration.
 p - a +1 pair of gloves (worn)
 q - a +0 pair of boots (worn)
Magical Staves
 b - a cursed staff of death (weapon)
Jewellery
 e - a ring of protection from cold (left hand)
 g - a +3 amulet of reflection
 m - an amulet of faith (around neck)
 n - a ring of protection from magic (right hand)
 r - a +3 amulet of reflection
Scrolls
 f - a scroll of amnesia
 t - a scroll of magic mapping
 v - a scroll of identify
Potions
 d - a potion of resistance
 h - a potion of haste
 j - a potion of lignification {unknown}
 k - 2 potions of heal wounds {unknown}
 w - a potion of flight {unknown}
Comestibles
 c - 6 rations


   Skills:
 - Level 0.2(0.0) Fighting
   Level 0.1(0.0) Short Blades
 + Level 6.3(4.9) Polearms
 - Level 1.0(0.0) Armour
 - Level 2.9(1.6) Dodging
 - Level 2.4(1.1) Stealth
 - Level 5.4(4.0) Spellcasting
 - Level 0.9(0.0) Conjurations
 - Level 6.4(5.0) Ice Magic


You had 11 spell levels left.
You knew the following spells:

 Your Spells              Type           Power        Failure   Level  Hunger
a - Freeze                Ice            ###.         5%          1    None
b - Throw Frost           Conj/Ice       ##....       22%         2    ##.....
c - Ozocubu's Armour      Chrm/Ice       ##......     41%         3    ###....

Your spell library contained the following spells:

 Spells                   Type           Power        Failure   Level  Hunger
 Summon Ice Beast         Ice/Summ       ##......     82%         4    ####...
 Throw Icicle             Conj/Ice       ##......     82%         4    ####...


Dungeon Overview and Level Annotations

Branches:
Dungeon (6/15)
 Temple: D:4-7

Altars:
Cheibriados
Fedhas
Okawaru
Qazlal
Sif Muna
Uskayaw
Vehumet


Message History

You hit the wight but do no damage. The wight hits you but does no damage.
The wight hits you with a +7 flail.
You hit the wight but do no damage. The wight hits you but does no damage.
The wight hits you with a +4 dagger. You partially resist.
You feel drained. The wight hits you with a +7 flail. You partially resist.
You feel drained.
You hit the wight but do no damage. The wight hits you with a +4 dagger.
The wight hits you from afar with a +3 halberd.
* * * LOW HITPOINT WARNING * * *
The wight hits you with a +4 dagger.
* * * LOW HITPOINT WARNING * * *
You partially resist.
You feel drained.
You hit the wight.
The wight is lightly damaged.
The wight barely misses you. x2; The wight hits you with a +4 dagger!
* * * LOW HITPOINT WARNING * * *
You hit the wight but do no damage.
The wight is lightly damaged.
The wight barely misses you.
The wight hits you from afar with a +3 halberd!
You die...

#############
##.............#####
##.#..........zz@z.#
...#.#.#######.###.#
####.# .. .. #.# #
.# ..... #z# # .#
.<. #.# ####.# ..
#.# ...#.# # #.#
...# #.# ...# #.#


You could see 3 wights.

Vanquished Creatures
  2 sky beasts
  An orc warrior (D:6)
  An ogre (D:5)
  A wight (D:6)
  5 hounds
  4 orc wizards
  2 worker ants
  A hound skeleton (D:6)
  2 adders
  4 gnolls (D:5)
  A shadow imp (D:5)
  3 oozes
  An adder skeleton (D:5)
  10 worms
  5 dart slugs
  6 leopard geckos
  19 orcs
  2 ball pythons
  6 giant cockroaches
  5 goblins
  9 hobgoblins
  9 jackals
  4 quokkas
  10 bats
  7 frilled lizards
  A giant cockroach zombie (D:6)
  4 kobolds
  10 rats
135 creatures vanquished.

Notes
Turn   | Place    | Note
-------+----------+-------------------------------------------
     0 | D:1      | TheOvate the Merfolk Ice Elementalist began the quest for
                  | the Orb.
     0 | D:1      | Reached XP level 1. HP: 13/13 MP: 3/3
   154 | D:1      | Upgraded the game from 0.24-a0-278-gefa1973 to
                  | 0.24-a0-279-ga7546fe
   239 | D:1      | Reached XP level 2. HP: 12/19 MP: 0/5
   659 | D:1      | Reached XP level 3. HP: 24/24 MP: 1/6
  1678 | D:2      | Learned a level 2 spell: Throw Frost
  1684 | D:2      | Reached XP level 4. HP: 30/30 MP: 2/8
  2925 | D:3      | Reached skill level 1 in Polearms
  2925 | D:3      | Reached XP level 5. HP: 21/35 MP: 4/10
  3461 | D:4      | Got a jewelled ring mail
  3503 | D:4      | Learned a level 3 spell: Ozocubu's Armour
  3733 | D:4      | Identified the +0 ring mail of Sif Muna's Hope {rC- Regen+
                  | Int+2} (You found it on level 4 of the Dungeon)
  4126 | D:4      | Reached XP level 6. HP: 15/41 MP: 8/12
  4836 | D:5      | Entered Level 5 of the Dungeon
  4888 | D:5      | Reached skill level 5 in Ice Magic
  5013 | D:5      | Reached skill level 5 in Spellcasting
  5089 | D:5      | Reached XP level 7. HP: 44/46 MP: 9/14
  5520 | D:5      | Found a radiant altar of Vehumet.
  5523 | D:5      | Found a snail-covered altar of Cheibriados.
  5523 | D:5      | Found a deep blue altar of Sif Muna.
  5524 | D:5      | Found a hide-covered altar of Uskayaw.
  5533 | D:5      | Became a worshipper of Vehumet
  5601 | D:5      | Found a blossoming altar of Fedhas.
  5603 | D:5      | Found a stormy altar of Qazlal.
  5789 | D:6      | Reached skill level 1 in Armour
  5942 | D:6      | Found an iron altar of Okawaru.
  6033 | D:6      | HP: 2/46 [orc warrior/+0 hand axe (13)]
  6035 | D:6      | Reached skill level 5 in Polearms
  6035 | D:6      | Reached XP level 8. HP: 3/52 MP: 8/16
  6576 | D:6      | Slain by a wight

Levels and vault maps discovered:
D:1:      sevenhm_arrival_forest_fort_small_4, layout_basic
D:2:      layout_basic
D:3:      layout_rooms, due_unseen_surprise
D:4:      layout_loops_corners, first_ration
D:5:      layout_basic, grunt_temple_overflow_forces_of_nature,
          grunt_temple_overflow_open, serial_rivers,
          chequers_serial_rivers_room_a, chequers_serial_rivers_micro_b,
          chequers_serial_rivers_large_a, chequers_serial_rivers_micro_d,
          chequers_serial_rivers_micro_c
D:6:      cheibrodos_barr_body, layout_basic, okawaru_metal_pillars_3,
          minmay_temple_entry_junction_2

Skill      XL: |  1  2  3  4  5  6  7  8 |
---------------+-------------------------+-----
Ice Magic      | 4 5 6 |  6.4
Spellcasting   | 3 4 5 |  5.4
Polearms       | 1 5 6 |  6.3
Armour         | 1 |  1.0
Fighting       | |  0.2
Short Blades   | |  0.1
Dodging        | |  2.9
Stealth        | |  2.4
Conjurations   | |  0.9

Action                   |  1- 3 |  4- 6 |  7- 9 || total
-------------------------+-------+-------+-------++-------
Melee: Unarmed           |    11 |       |       ||    11
       Dagger            |     4 |    11 |       ||    15
       Spear             |       |    76 |   108 ||   184
       Staff             |       |       |    27 ||    27
 Cast: Freeze            |    63 |   152 |    58 ||   273
       Throw Frost       |       |     3 |     7 ||    10
  Use: Scroll            |       |    13 |     2 ||    15
       Potion            |       |     4 |     2 ||     6
 Stab: Sleeping          |     2 |     5 |     2 ||     9
  Eat: Chunk             |     3 |    11 |     4 ||    18
Armor: Robe              |    15 |    18 |       ||    33
       Ring mail         |       |     7 |    49 ||    56
Dodge: Dodged            |    52 |   101 |    68 ||   221
Block: Other             |       |    10 |     7 ||    17
       Reflection        |       |     1 |       ||     1

Table legend:
 A = Non-vault XP
 B = Vault XP
 C = Vault XP percentage of total XP
 D = Non-vault monster count
 E = Vault monster count
 F = Vault count percentage of total count
                 A         B        C        D         E       F
            +---------+---------+-------+---------+---------+-------
      Total |    1392 |       0 |   0.0 |     135 |       0 |   0.0
            +---------+---------+-------+---------+---------+-------
        D:1 |      68 |       0 |   0.0 |      31 |       0 |   0.0
        D:2 |      79 |       0 |   0.0 |      29 |       0 |   0.0
        D:3 |      52 |       0 |   0.0 |      17 |       0 |   0.0
        D:4 |     210 |       0 |   0.0 |      27 |       0 |   0.0
        D:5 |     457 |       0 |   0.0 |      16 |       0 |   0.0
        D:6 |     526 |       0 |   0.0 |      15 |       0 |   0.0
            +---------+---------+-------+---------+---------+-------
